AAA
LYNN PATRIOTS @ RENO RAILERS
05/19/2060
 
TOP OF THE 1ST
Lynn Patriots batting - Pitching for Reno Railers : RHP Brennan Wright
Pitching: RHP Brennan Wright
Batting: LHB Shan Waseem 0-0: Ball
1-0: Ball
2-0: Ball
3-0: Base on Balls
Batting: LHB Neal McDonald 0-0: Ball
1-0: Ball
2-0: Ball
3-0: Called Strike
3-1: Foul Ball, location: 2F
3-2: Base on Balls
Shan Waseem to second
Batting: LHB Brandt Bagishaev 0-0: Ball
1-0: Swinging Strike
1-1: Fly out, F7 (Flyball, 7, EV 86.9 MPH)
Batting: SHB J.J. Evans 0-0: Called Strike
0-1: Fly out, F9 (Flyball, 89XD, EV 101.2 MPH)
Runner from 2nd tags up, SAFE at 3rd, no throw by RF
Batting: RHB Garret Hoffman 0-0: Fly out, F2 (Popup, 23F, EV 85.6 MPH)
Top of the 1st over - 0 runs, 0 hits, 0 errors, 2 left on base; Lynn 0 - Reno 0
BOTTOM OF THE 1ST
Reno Railers batting - Pitching for Lynn Patriots : RHP Marcel Ström
Pitching: RHP Marcel Ström
Batting: LHB Waylon Spada 0-0: Ball
1-0: Ball
2-0: Ground out 6-3 (Groundball, 56, EV 86.2 MPH)
Batting: SHB Eli Hughes 0-0: Ground out U3 (Groundball, 3, EV 78.8 MPH)
Batting: LHB Moses Thomas 0-0: Ball
1-0: Foul Ball, location: 2F
1-1: Swinging Strike
1-2: Fly out, F8 (Flyball, 8RD, EV 105.0 MPH)
Bottom of the 1st over - 0 runs, 0 hits, 0 errors, 0 left on base; Lynn 0 - Reno 0
TOP OF THE 2ND
Lynn Patriots batting - Pitching for Reno Railers : RHP Brennan Wright
Batting: RHB Malik Donnell 0-0: Foul Ball, location: 2F
0-1: Foul Ball, location: 2F
0-2: Ball
1-2: Ball
2-2: Foul Ball, location: 2F
2-2: SINGLE (Line Drive, 7S, EV 95.6 MPH)
Batting: SHB Xavier Amaro 0-0: Called Strike
0-1: Called Strike
0-2: Foul Ball, location: 2F
0-2: Ball
1-2: Ball
2-2: SINGLE (Groundball, 34S, EV 87.5 MPH) (infield hit)
Malik Donnell to second
Batting: RHB O.K. Emelyantsev 0-0: Called Strike
0-1: Grounds into double play, 6-4-3 (Groundball, 56, EV 98.8 MPH)
Malik Donnell to third
Batting: RHB Braden Preuss 0-0: Ground out 1-3 (Groundball, P, EV 73.8 MPH)
Top of the 2nd over - 0 runs, 2 hits, 0 errors, 1 left on base; Lynn 0 - Reno 0
BOTTOM OF THE 2ND
Reno Railers batting - Pitching for Lynn Patriots : RHP Marcel Ström
Batting: RHB Rex Manning 0-0: Ball
1-0: Ball
2-0: Ball
3-0: Base on Balls
Batting: RHB Lucas Sampley 0-0: Called Strike
0-1: Foul Ball, location: 2F
0-2: Ball
1-2: Ball
2-2: Strikes out looking
Batting: SHB Ke'Ron Nicolescu 0-0: Ball
1-0: Foul Ball, location: 2F
1-1: Called Strike
1-2: Foul Ball, location: 2F
1-2: SINGLE (Line Drive, 56D, EV 105.0 MPH)
Rex Manning to second
Batting: RHB Sol Djojohadiksumo 0-0: Swinging Strike
0-1: Swinging Strike
0-2: Reached on error, E1 (Groundball, 23, EV 70.0 MPH)
Rex Manning to third
Ke'Ron Nicolescu to second
Batting: LHB Jon Dutton 0-0: Called Strike
0-1: Fly out, F9 (Flyball, 89S, EV 85.0 MPH)
Batting: RHB Brian Lemon 0-0: Swinging Strike
0-1: Ball
1-1: Ball
2-1: Ball
3-1: Fly out, F8 (Flyball, 8LM, EV 81.9 MPH)
Bottom of the 2nd over - 0 runs, 1 hit, 1 error, 3 left on base; Lynn 0 - Reno 0
TOP OF THE 3RD
Lynn Patriots batting - Pitching for Reno Railers : RHP Brennan Wright
Batting: LHB Shan Waseem 0-0: Foul Ball, location: 2F
0-1: Ball
1-1: Ground out 6-3 (Groundball, 6, EV 104.4 MPH)
Batting: LHB Neal McDonald 0-0: Ball
1-0: Ball
2-0: Swinging Strike
2-1: Foul Ball, location: 2F
2-2: Foul Ball, location: 2F
2-2: Ground out 4-3 (Groundball, 4M, EV 84.4 MPH)
Batting: LHB Brandt Bagishaev 0-0: Called Strike
0-1: Ball
1-1: Ball
2-1: SOLO HOME RUN (Flyball, 7LD, EV 96.9 MPH), Distance : 345 ft
Batting: SHB J.J. Evans 0-0: Ball
1-0: Ball
2-0: Called Strike
2-1: TRIPLE (Line Drive, 89XD, EV 101.2 MPH)
Batting: RHB Garret Hoffman 0-0: Ball
1-0: SINGLE (Line Drive, 8LS, EV 96.2 MPH)
J.J. Evans scores
Batting: RHB Malik Donnell 0-0: Ball
1-0: Called Strike
Garret Hoffman is caught stealing 2nd base 2-4
Top of the 3rd over - 2 runs, 3 hits, 0 errors, 0 left on base; Lynn 2 - Reno 0
BOTTOM OF THE 3RD
Reno Railers batting - Pitching for Lynn Patriots : RHP Marcel Ström
Batting: LHB Waylon Spada 0-0: Ball
1-0: Ball
2-0: Fly out, F9 (Flyball, 9S, EV 71.2 MPH)
Batting: SHB Eli Hughes 0-0: Ball
1-0: Ball
2-0: Ball
3-0: Called Strike
3-1: Foul Ball, location: 2F
3-2: Foul Ball, location: 2F
3-2: Base on Balls
Batting: LHB Moses Thomas 0-0: Foul Ball, location: 2F
0-1: Foul Ball, location: 2F
0-2: Fly out, F7 (Flyball, 78M, EV 97.5 MPH)
Batting: RHB Rex Manning 0-0: Ball
Eli Hughes steals 2nd base
1-0: Foul Ball, location: 2F
1-1: Foul Ball, location: 2F
1-2: Ball
2-2: Foul Ball, location: 2F
2-2: Ball
3-2: Foul Ball, location: 2F
3-2: 2-RUN HOME RUN (Flyball, 7D, EV 98.8 MPH), Distance : 376 ft
Batting: RHB Lucas Sampley 0-0: Called Strike
0-1: Called Strike
0-2: Strikes out swinging
Bottom of the 3rd over - 2 runs, 1 hit, 0 errors, 0 left on base; Lynn 2 - Reno 2
TOP OF THE 4TH
Lynn Patriots batting - Pitching for Reno Railers : RHP Brennan Wright
Batting: RHB Malik Donnell 0-0: Ground out U3 (Groundball, 3S, EV 90.0 MPH)
Batting: SHB Xavier Amaro 0-0: Foul Ball, location: 2F
0-1: Swinging Strike
0-2: Ball
1-2: Strikes out looking
Batting: RHB O.K. Emelyantsev 0-0: Fly out, F9 (Flyball, 89M, EV 88.1 MPH)
Top of the 4th over - 0 runs, 0 hits, 0 errors, 0 left on base; Lynn 2 - Reno 2
BOTTOM OF THE 4TH
Reno Railers batting - Pitching for Lynn Patriots : RHP Marcel Ström
Batting: SHB Ke'Ron Nicolescu 0-0: Ball
1-0: Ball
2-0: Foul Ball, location: 2F
2-1: Called Strike
2-2: Ground out 6-3 (Groundball, 6, EV 101.9 MPH)
Batting: RHB Sol Djojohadiksumo 0-0: Called Strike
0-1: Ball
1-1: Called Strike
1-2: Reached on error, E6 (Groundball, 6, EV 88.8 MPH)
Batting: LHB Jon Dutton 0-0: Ground out U3 (Groundball, 3, EV 83.8 MPH)
Sol Djojohadiksumo to third
Batting: RHB Brian Lemon 0-0: SINGLE (Groundball, 56D, EV 109.4 MPH)
Sol Djojohadiksumo scores
Batting: LHB Waylon Spada 0-0: Ball
1-0: Ball
2-0: Ball
3-0: Called Strike
3-1: Base on Balls
Brian Lemon to second
Batting: SHB Eli Hughes 0-0: Ball
1-0: Ball
2-0: Ground out 4-3 (Groundball, 34D, EV 86.2 MPH)
Bottom of the 4th over - 1 run, 1 hit, 1 error, 2 left on base; Lynn 2 - Reno 3
TOP OF THE 5TH
Lynn Patriots batting - Pitching for Reno Railers : RHP Brennan Wright
Batting: RHB Braden Preuss 0-0: Ball
1-0: Swinging Strike
1-1: Hit by Pitch
Pinch Runner at 1st Rashaun Harrington:
Batting: LHB Shan Waseem 0-0: Ball
1-0: Called Strike
1-1: Ball
2-1: Ball
3-1: Base on Balls
Rashaun Harrington to second
Batting: LHB Neal McDonald 0-0: Sac Bunt to 3S - play at first, batter OUT! 3-4
Rashaun Harrington to third
Shan Waseem to second
Batting: LHB Brandt Bagishaev 0-0: Foul Ball, location: 2F
0-1: Ball
1-1: Ball
2-1: Swinging Strike
2-2: Strikes out swinging
Batting: SHB J.J. Evans 0-0: Ball
1-0: Ground out U3 (Groundball, 3L, EV 90.6 MPH)
Top of the 5th over - 0 runs, 0 hits, 0 errors, 2 left on base; Lynn 2 - Reno 3
BOTTOM OF THE 5TH
Reno Railers batting - Pitching for Lynn Patriots : RHP Marcel Ström
Now at C: Rashaun Harrington
Batting: LHB Moses Thomas 0-0: Foul Ball, location: 2F
0-1: Fly out, F7 (Flyball, 78M, EV 89.4 MPH)
Batting: RHB Rex Manning 0-0: Foul Ball, location: 2F
0-1: Swinging Strike
0-2: Fly out, F9 (Flyball, 9LS, EV 92.5 MPH)
Batting: RHB Lucas Sampley 0-0: Called Strike
0-1: Foul Ball, location: 2F
0-2: Ball
1-2: Ball
2-2: Foul Ball, location: 2F
2-2: Ball
3-2: Foul Ball, location: 2F
3-2: Base on Balls
Batting: SHB Ke'Ron Nicolescu 0-0: Ball
Lucas Sampley steals 2nd base
1-0: Ball
2-0: Ball
3-0: Called Strike
3-1: Called Strike
3-2: Base on Balls
Batting: RHB Sol Djojohadiksumo 0-0: DOUBLE (Flyball, 89XD, EV 93.1 MPH)
Lucas Sampley scores
Ke'Ron Nicolescu to third
Runner from 3rd tries for Home, SAFE, throw by RF to home
Pitching: RHP Peter Long
Batting: LHB Jon Dutton 0-0: Ball
1-0: 2-RUN HOME RUN (Flyball, 89XD, EV 103.8 MPH), Distance : 412 ft
Batting: RHB Brian Lemon 0-0: Ball
1-0: Called Strike
1-1: Foul Ball, location: 2F
1-2: Ball
2-2: Foul Ball, location: 2F
2-2: Ground out 6-3 (Groundball, 6, EV 85.6 MPH)
Bottom of the 5th over - 4 runs, 2 hits, 0 errors, 0 left on base; Lynn 2 - Reno 7
TOP OF THE 6TH
Lynn Patriots batting - Pitching for Reno Railers : RHP Brennan Wright
Batting: RHB Garret Hoffman 0-0: Ground out U3 (Groundball, 34, EV 97.5 MPH)
Batting: RHB Malik Donnell 0-0: Ball
1-0: Foul Ball, location: 2F
1-1: Foul Ball, location: 2F
1-2: Foul Ball, location: 2F
1-2: Foul Ball, location: 2F
1-2: Foul Ball, location: 2F
1-2: Ball
2-2: Foul Ball, location: 2F
2-2: Foul Ball, location: 2F
2-2: SINGLE (Line Drive, 34D, EV 101.2 MPH)
Batting: SHB Xavier Amaro 0-0: Called Strike
0-1: Ball
1-1: Swinging Strike
1-2: Fly out, F9 (Flyball, 9D, EV 94.4 MPH)
Batting: RHB O.K. Emelyantsev 0-0: Ball
1-0: Foul Ball, location: 2F
1-1: Called Strike
1-2: DOUBLE (Flyball, 9LM, EV 110.0 MPH)
Malik Donnell to third
Malik Donnell scores
Pitching: RHP Sean Jenkins
Batting: LHB Rashaun Harrington 0-0: Ball
1-0: Called Strike
1-1: Foul Ball, location: 2F
1-2: Fly out, F8 (Flyball, 8RXD, EV 83.8 MPH)
Top of the 6th over - 1 run, 2 hits, 0 errors, 1 left on base; Lynn 3 - Reno 7
BOTTOM OF THE 6TH
Reno Railers batting - Pitching for Lynn Patriots : RHP Peter Long
Batting: LHB Waylon Spada 0-0: Called Strike
0-1: Ball
1-1: Foul Ball, location: 2F
1-2: Ball
2-2: Foul Ball, location: 2F
2-2: Ground out 6-3 (Groundball, 6, EV 100.6 MPH)
Batting: SHB Eli Hughes 0-0: Fly out, F7 (Flyball, 78M, EV 90.6 MPH)
Batting: LHB Moses Thomas 0-0: Called Strike
0-1: Ball
1-1: SINGLE (Line Drive, 56D, EV 96.2 MPH)
Batting: RHB Rex Manning 0-0: Ball
1-0: Ball
2-0: Ball
3-0: Base on Balls
Moses Thomas to second
Batting: RHB Lucas Sampley 0-0: Ball
1-0: Called Strike
1-1: Hit by Pitch
Moses Thomas to third
Rex Manning to second
Batting: SHB Ke'Ron Nicolescu 0-0: Called Strike
0-1: Ball
1-1: Ball
2-1: Fly out, F9 (Line Drive, 9S, EV 90.0 MPH)
Bottom of the 6th over - 0 runs, 1 hit, 0 errors, 3 left on base; Lynn 3 - Reno 7
TOP OF THE 7TH
Lynn Patriots batting - Pitching for Reno Railers : RHP Sean Jenkins
Batting: LHB Shan Waseem 0-0: Swinging Strike
0-1: Ball
1-1: Called Strike
1-2: Ball
2-2: Foul Ball, location: 2F
2-2: Ball
3-2: Fly out, F5 (Flyball, 5D, EV 86.9 MPH)
Batting: LHB Neal McDonald 0-0: Ground out 4-3 (Groundball, 4, EV 85.6 MPH)
Batting: LHB Brandt Bagishaev 0-0: Ball
1-0: Called Strike
1-1: SOLO HOME RUN (Flyball, 78XD, EV 99.4 MPH), Distance : 404 ft
Batting: SHB J.J. Evans 0-0: Ball
1-0: Swinging Strike
1-1: Ball
2-1: Ball
3-1: Foul Ball, location: 2F
3-2: Foul Ball, location: 2F
3-2: Foul Ball, location: 2F
3-2: Base on Balls
Batting: RHB Garret Hoffman 0-0: Ball
1-0: Ball
2-0: Swinging Strike
2-1: Ball
3-1: Swinging Strike
3-2: Foul Ball, location: 2F
3-2: Foul Ball, location: 2F
3-2: SINGLE (Groundball, 34, EV 103.8 MPH)
J.J. Evans to second
J.J. Evans to third
Batting: RHB Malik Donnell 0-0: Ball
1-0: Ball
2-0: Swinging Strike
2-1: Ball
3-1: Foul Ball, location: 2F
3-2: Foul Ball, location: 2F
3-2: Strikes out swinging
Top of the 7th over - 1 run, 2 hits, 0 errors, 2 left on base; Lynn 4 - Reno 7
BOTTOM OF THE 7TH
Reno Railers batting - Pitching for Lynn Patriots : RHP Peter Long
Batting: RHB Sol Djojohadiksumo 0-0: Foul Ball, location: 2F
0-1: Ball
1-1: Ball
2-1: Called Strike
2-2: Ball
3-2: Strikes out looking
Batting: LHB Jon Dutton 0-0: Called Strike
0-1: Called Strike
0-2: Foul Ball, location: 2F
0-2: SINGLE (Groundball, 4, EV 95.0 MPH)
Batting: RHB Brian Lemon 0-0: Foul Ball, location: 2F
0-1: Ball
1-1: Foul Ball, location: 2F
1-2: Strikes out looking
Pitching: LHP Nathan Swenson
Batting: LHB Waylon Spada 0-0: Swinging Strike
0-1: Foul Ball, location: 2F
0-2: Ball
1-2: Ball
2-2: Foul Ball, location: 2F
2-2: Ball
3-2: Strikes out swinging
Bottom of the 7th over - 0 runs, 1 hit, 0 errors, 1 left on base; Lynn 4 - Reno 7
TOP OF THE 8TH
Lynn Patriots batting - Pitching for Reno Railers : RHP Sean Jenkins
Batting: SHB Xavier Amaro 0-0: Called Strike
0-1: Ball
1-1: Ball
2-1: Ball
3-1: Foul Ball, location: 2F
3-2: Strikes out swinging
Batting: RHB O.K. Emelyantsev 0-0: Ball
1-0: Foul Ball, location: 2F
1-1: Ball
2-1: Called Strike
2-2: Ball
3-2: Strikes out swinging
Batting: LHB Rashaun Harrington 0-0: Swinging Strike
0-1: Ball
1-1: Swinging Strike
1-2: Strikes out swinging
Top of the 8th over - 0 runs, 0 hits, 0 errors, 0 left on base; Lynn 4 - Reno 7
BOTTOM OF THE 8TH
Reno Railers batting - Pitching for Lynn Patriots : LHP Nathan Swenson
Batting: SHB Eli Hughes 0-0: Called Strike
0-1: Foul Ball, location: 2F
0-2: Foul Ball, location: 2F
0-2: Ball
1-2: SINGLE (Groundball, 25, EV 68.1 MPH) (infield hit)
Batting: LHB Moses Thomas 0-0: Fly out, F9 (Flyball, 9LD, EV 91.9 MPH)
Batting: RHB Rex Manning 0-0: Called Strike
0-1: Ball
1-1: Ball
2-1: Foul Ball, location: 2F
2-2: Foul Ball, location: 2F
2-2: Ball
3-2: Foul Ball, location: 2F
3-2: Grounds into double play, 5-4-3 (Groundball, 5, EV 105.0 MPH)
Bottom of the 8th over - 0 runs, 1 hit, 0 errors, 0 left on base; Lynn 4 - Reno 7
TOP OF THE 9TH
Lynn Patriots batting - Pitching for Reno Railers : RHP Sean Jenkins
Pitching: LHP Neal Forsberg
Batting: LHB Shan Waseem 0-0: Ball
1-0: Ball
2-0: Foul Ball, location: 2F
2-1: Ball
3-1: Base on Balls
Pinch Hitting: RHB Mike Thompson 0-0: Called Strike
0-1: Ball
1-1: Called Strike
1-2: Ball
2-2: Ball
3-2: Base on Balls
Shan Waseem to second
Batting: LHB Brandt Bagishaev 0-0: Ball
1-0: Ball
2-0: Ball
3-0: Called Strike
3-1: Base on Balls
Shan Waseem to third
Mike Thompson to second
Batting: SHB J.J. Evans 0-0: Called Strike
0-1: Ball
1-1: Foul Ball, location: 2F
1-2: SINGLE (Groundball, 5D, EV 94.4 MPH)
Shan Waseem scores
Mike Thompson to third
Brandt Bagishaev to second
Batting: RHB Garret Hoffman 0-0: Called Strike
0-1: Ball
1-1: SINGLE (Groundball, 56D, EV 97.5 MPH)
Mike Thompson scores
Brandt Bagishaev to third
J.J. Evans to second
Batting: RHB Malik Donnell 0-0: Ball
1-0: Called Strike
1-1: Swinging Strike
1-2: Foul Ball, location: 2F
1-2: Strikes out swinging
Batting: SHB Xavier Amaro 0-0: Ball
1-0: Ball
2-0: Called Strike
2-1: Swinging Strike
2-2: Ball
3-2: SINGLE (Groundball, 6M, EV 106.9 MPH)
Brandt Bagishaev scores
J.J. Evans to third
Garret Hoffman to second
Runner from 3rd tries for Home, SAFE, throw by CF to home
Pitching: RHP Drew Haffner
Batting: RHB O.K. Emelyantsev 0-0: Reached on error, E6 (Groundball, 6, EV 97.5 MPH)
Garret Hoffman to third
Xavier Amaro to second
Batting: LHB Rashaun Harrington 0-0: Foul Ball, location: 2F
0-1: Called Strike
0-2: Ball
1-2: Ball
2-2: SINGLE (Groundball, 6D, EV 108.8 MPH)
Garret Hoffman scores
Xavier Amaro to third
O.K. Emelyantsev to second
Runner from 3rd tries for Home, SAFE, throw by LF to home
Batting: LHB Shan Waseem 0-0: Ball
1-0: Called Strike
1-1: Ball
2-1: Ball
3-1: Called Strike
3-2: Fielders Choice at 2nd, 4-6 (Groundball, 4M, EV 85.0 MPH)
O.K. Emelyantsev to third
Batting: RHB Mike Thompson 0-0: Ball
1-0: Called Strike
1-1: Ball
2-1: Called Strike
2-2: Strikes out looking
Top of the 9th over - 6 runs, 4 hits, 1 error, 2 left on base; Lynn 10 - Reno 7
BOTTOM OF THE 9TH
Reno Railers batting - Pitching for Lynn Patriots : LHP Nathan Swenson
Pitching: RHP Quin Mueller
Now at 2B: Mike Thompson
Batting: RHB Lucas Sampley 0-0: Called Strike
0-1: Ball
1-1: Ball
2-1: Ground out 4-3 (Groundball, 4, EV 98.1 MPH)
Batting: SHB Ke'Ron Nicolescu 0-0: Called Strike
0-1: Called Strike
0-2: Ball
1-2: Foul Ball, location: 2F
1-2: Foul Ball, location: 2F
1-2: Ball
2-2: Foul Ball, location: 2F
2-2: Ball
3-2: Fly out, F5 (Popup, 5SF, EV 73.8 MPH)
Batting: RHB Sol Djojohadiksumo 0-0: Called Strike
0-1: Ball
1-1: Swinging Strike
1-2: Strikes out swinging
Bottom of the 9th over - 0 runs, 0 hits, 0 errors, 0 left on base; Lynn 10 - Reno 7
Wednesday, May 1st , 2024 - OOTP Baseball 23.10 Build 110